 Dungeon Sprint DCSS version 0.30-a0-165-g1891117ce2 (webtiles) character file.

Game seed: 17140576105141166766

26006943 mhtbhm the Petrodigitator (level 19, 105/105 HPs)
             Began as a Gargoyle Earth Elementalist on Sept 27, 2022.
             Was the Champion of Vehumet.
             Escaped with the Orb
             ... and 9 runes on Sept 28, 2022!
             The game lasted 01:29:23 (19987 turns).

mhtbhm the Petrodigitator (GrEE)                   Turns: 19987, Time: 01:29:23

Health: 105/105    AC: 24    Str: 12    XL:     19   Next: 50%
Magic:  49/49      EV: 17    Int: 33    God:    Vehumet [******]
Gold:   5423       SH: 15    Dex:  7    Spells: 7/72 levels left

rFire   + + +      SeeInvis .    p - staff of earth
rCold   + + +      Faith    .    k - +2 shield of Resistance {rF++ rC++ Will++}
rNeg    + . .      Spirit   .    a - +1 robe of Wajem {MP+9 Int-2 Stlth+}
rPois   ∞          Reflect  +    H - +1 hat {Int+3}
rElec   +          Harm     .    z - +2 cloak "Tyedoev" {rF+ rC+}
rCorr   +          Rampage  .    w - +2 pair of gloves {Stlth+}
Will    +++..      Archmagi +    (no boots)
Stlth   ++........ NoTele   +    q - amulet of Ruplos {Reflect rPois Int+8 Dex-3 SH+5 Stlth+}
HPRegen 0.27/turn                y - ring of Hobisu {rPois rC+ rCorr}
MPRegen 0.31/turn                Z - ring of the Mage {Wiz Archmagi}

@: flying, studying Air Magic
A: sickness immunity, AC +14, big wings, negative energy resistance 1,
electricity resistance, torment resistance 1, petrification resistance, claws 1,
low MP 2, sense surroundings 1, robust 1
0: Orb of Zot
}: 9/10 runes: decaying, serpentine, slimy, silver, golden, iron, obsidian,
bone, demonic
a: Renounce Religion


You escaped.
You worshipped Vehumet.
Vehumet was exalted by your worship.
You visited 1 branch You collected 9003 gold pieces.
You spent 3580 gold pieces at shops.

Inventory:

Hand Weapons
 x - the +9 staff of Wucad Mu {*channel}
   (You took it off a deep elf annihilator in the Dungeon)

   It occasionally powers its wielder's spells, but with a chance of causing
   confusion or draining the wielder's intelligence.
   It becomes more likely to activate and less likely to backfire with increased
   Evocations skill.
 B - the +4 staff of Dispater
   (You took it off Dispater in the Dungeon)

   It can be evoked to hurl damnation at the cost of health and magic, with
   strength depending on Evocations skill.
Missiles
 e - 16 silver javelins
 h - 7 curare-tipped darts (quivered)
Armour
 a - the +1 robe of Wajem (worn) {MP+9 Int-2 Stlth+}
   (You bought it in a shop in the Dungeon)

   Int:       It affects your intelligence (-2).
   MP:        It affects your magic capacity (+9).
   Stlth:     It makes you more stealthy.
 k - the +2 shield of Resistance (worn) {rF++ rC++ Will++}
   (You found it in the Dungeon)

   rF:        It greatly protects you from fire.
   rC:        It greatly protects you from cold.
   Will:      It greatly increases your willpower.
 w - a +2 pair of gloves of stealth (worn)
 z - the +2 cloak "Tyedoev" (worn) {rF+ rC+}
   (You acquired it in the Dungeon)

   rF:        It protects you from fire.
   rC:        It protects you from cold.
 H - a +1 hat of intelligence (worn)
 V - the +1 cloak of Starlight {*Dazzle EV+4 Stlth--}
   (You acquired it in the Dungeon)

   It may blind those who miss an attack against the wearer in melee combat.
   EV:        It affects your evasion (+4).
   Stlth:     It makes you much less stealthy.
Magical Staves
 p - a staff of earth (weapon)
Jewellery
 q - the amulet of Ruplos (around neck) {Reflect rPois Int+8 Dex-3 SH+5 Stlth+}
   (You took it off a deep elf annihilator in the Dungeon)

   [amulet of reflection]

   It reflects blocked missile attacks.
   Int:       It affects your intelligence (+8).
   Dex:       It affects your dexterity (-3).
   rPois:     It protects you from poison.
   SH:        It affects your SH (+5).
   Stlth:     It makes you more stealthy.
 s - the ring of the Present {Fire Will+ Str+2 Int+4}
   (You found it in the Dungeon)

   [ring of fire]

   It enhances your fire magic.
   Str:       It affects your strength (+2).
   Int:       It affects your intelligence (+4).
   rF:        It protects you from fire.
   rC:        It makes you vulnerable to cold.
   Will:      It increases your willpower.
 y - the ring of Hobisu (left hand) {rPois rC+ rCorr}
   (You took it off a deep elf demonologist in the Dungeon)

   [ring of protection from cold]

   rC:        It protects you from cold.
   rPois:     It protects you from poison.
   rCorr:     It protects you from acid and corrosion.
 G - the ring of Luimud {*Slow +Blink Will+ SInv}
   (You took it off a royal mummy in the Dungeon)

   [ring of willpower]

   SInv:      It lets you see invisible.
   +Blink:    It lets you blink.
   *Slow:     It may slow you when you take damage.
   Will:      It increases your willpower.
 P - the ring of Setagg {MP+9 SInv}
   (You found it in the Dungeon)

   [ring of magical power]

   MP:        It affects your magic capacity (+9).
   SInv:      It lets you see invisible.
 S - the ring "Alumnaol" {rC++ Dex+6}
   (You found it in the Dungeon)

   [ring of dexterity]

   Dex:       It affects your dexterity (+6).
   rC:        It greatly protects you from cold.
 T - a ring of protection from fire
 W - a ring of willpower
 Z - the ring of the Mage (right hand) {Wiz Archmagi}
   (You found it in the Dungeon)

   [ring of wizardry]

   It improves your spell success rate.
   Archmagi:  It increases the power of your magical spells.
Wands
 r - a wand of light (7)
 K - a wand of digging (4)
 L - a wand of mindburst (19)
 U - a wand of iceblast (1)
 X - a wand of charming (6)
Scrolls
 l - 3 scrolls of torment
 m - a scroll of brand weapon
 o - a scroll of immolation
 t - a scroll of blinking
 F - 3 scrolls of fog
 M - 5 scrolls of enchant armour
 N - 6 scrolls of enchant weapon
 O - a scroll of amnesia
Potions
 b - a potion of magic
 c - 9 potions of curing
 d - 2 potions of mutation
 f - a potion of berserk rage
 g - 3 potions of might
 j - 7 potions of attraction
 C - 9 potions of heal wounds
 D - 4 potions of brilliance
 I - a potion of invisibility
 Q - 4 potions of resistance
Miscellaneous
 n - a box of beasts
 u - a lightning rod (4/4)
 v - a tin of tremorstones (2/2)
 A - the horn of Geryon
 R - a phantom mirror
 Y - a condenser vane


   Skills:
 - Level 3.2 Fighting
 - Level 0.1 Staves
 + Level 10.3 Throwing
 O Level 27 Dodging
 - Level 5.2 Stealth
 + Level 6.6 Shields
 O Level 27 Spellcasting
 O Level 27 Conjurations
 + Level 1.4 Hexes
 + Level 3.6 Transmutations
 O Level 27 Fire Magic
 - Level 1.8 Ice Magic
 - Level 4.5 Air Magic
 O Level 27 Earth Magic
 + Level 13.7 Poison Magic
 + Level 16.9 Evocations


You had 7 spell levels left.
You knew the following spells:

 Your Spells              Type           Power      Damage    Failure   Level
a - Sandblast             Erth           100%       2d20      0%          1
b - Passwall              Tmut/Erth      100%       N/A       0%          2
c - Stone Arrow           Conj/Erth      100%       3d13      0%          3
d - Petrify               Tmut/Erth      100%       N/A       1%          4
e - Mephitic Cloud        Conj/Pois/Air  100%       N/A       0%          3
f - Kiss of Death         Conj/Necr      100%       2d13      0%          1
g - Inner Flame           Hex/Fire       100%       N/A       0%          3
h - Flame Wave            Conj/Fire      100%       2d21      0%          4
i - Momentum Strike       Conj/Tloc      100%       3d10      0%          2
j - Freezing Cloud        Conj/Ice/Air   54%        6-21      1%          5
k - Iron Shot             Conj/Erth      86%        9d16      0%          6
l - Lee's Rapid Deconstr  Erth           86%        3d39*     0%          5
m - Lehudib's Crystal Sp  Conj/Erth      86%        10d19     1%          8
n - Fire Storm            Conj/Fire      73%        8d19      1%          9
o - Shatter               Erth           86%        3d62*     1%          9

Your spell library contained the following spells:

 Spells                   Type           Power      Damage    Failure   Level
 Chain Lightning          Conj/Air       61%        3d81      21%         9
 Foxfire                  Conj/Fire      100%       2x1d9     0%          1
 Magic Dart               Conj           100%       1d8       0%          1
 Shock                    Conj/Air       100%       1d9       0%          1
 Dazzling Flash           Conj/Hex       100%       N/A       0%          3
 Hailstorm                Conj/Ice       100%       3d20      0%          3
 Sticky Flame             Conj/Fire      100%       2d11      0%          4
 Orb of Destruction       Conj           73%        9d17      0%          7
 Beastly Appendage        Tmut           100%       N/A       1%          1
 Freeze                   Ice            100%       1d11      1%          1
 Sting                    Tmut/Pois      100%       1d8       1%          1
 Call Imp                 Summ           61%        N/A       1%          2
 Poisonous Vapours        Pois/Air       100%       N/A       1%          2
 Frozen Ramparts          Ice            100%       1d16      1%          3
 Gell's Gravitas          Tloc           61%        N/A       1%          3
 Lesser Beckoning         Tloc           61%        N/A       1%          3
 Spider Form              Tmut/Pois      100%       N/A       1%          3
 Summon Guardian Golem    Hex/Summ       65%        N/A       1%          3
 Teleport Other           Tloc           61%        N/A       1%          3
 Animate Armour           Summ/Erth      100%       N/A       1%          4
 Leda's Liquefaction      Hex/Erth       71%        N/A       1%          4
 Olgreb's Toxic Radiance  Pois           100%       N/A       1%          4
 Alistair's Intoxication  Tmut/Pois      66%        N/A       1%          5
 Borgnjor's Vile Clutch   Necr/Erth      70%        N/A       1%          5
 Eringya's Noxious Bog    Tmut/Pois      50%        N/A       1%          6
 Spellforged Servitor     Conj/Summ      58%        N/A       1%          7
 Silence                  Hex/Air        38%        N/A       4%          5
 Animate Dead             Necr           61%        N/A       5%          4
 Agony                    Necr           61%        N/A       14%         5
 Death Channel            Necr           30%        N/A       58%         6
 Dragon's Call            Summ           30%        N/A       100%        9
 Cigotuvi's Dreadful Rot  Necr/Pois/Air  Unusable   N/A       N/A         2
 Statue Form              Tmut/Erth      Unusable   N/A       N/A         6

Dungeon Overview and Level Annotations

Branches:
Dungeon (1/1)

Altars:
Cheibriados
Dithmenos
Elyvilon
Fedhas
Gozag
Hepliaklqana
Kikubaaqudgha
Makhleb
Nemelex Xobeh
Okawaru
Qazlal
Ru
Sif Muna
Trog
Uskayaw
Vehumet
Wu Jian
Xom
Yredelemnul
Zin
The Shining One
Jiyva
Lugonu

Shops:
D ?(:!?(=[!![!!?[!(:![(=?


Innate Abilities, Weirdness & Mutations

You are immune to sickness and miasma.
Your stone body is resilient. (AC +14)
You are immune to poison.
Your large and strong wings let you fly.
You resist negative energy. (rN+)
You are resistant to electric shocks. (rElec)
You are resistant to unholy torment.
You are immune to petrification.
You have sharp fingernails.
Your magical capacity is very low. (-20% MP)
You passively map a small area around you.
You are robust. (+10% HP)


Message History

There is an open door here.
Things that are here:
a +0 quarterstaff of freezing; a +1 dire flail of distortion You see here a +0 robe.
There is an open door here.
You see here a +0 giant club.
Things that are here:
a +0 giant club; a +0 giant spiked club Your magical contamination has completely faded away.
Things that are here:
a +0 giant club; a +0 giant club
There is an open door here.
A smoke demon comes into view.
The smoke demon gestures at you.
The sticky flame reflects off an invisible shield around you!
The sticky flame hits the smoke demon.
The smoke demon resists.
There is an open door here.
Unknown command.
Casting: Lehudib's Crystal Spear (mildly dangerous; 1% risk of failure)
Confirm with . or Enter, or press ? or * to list all spells.
Aiming: Lehudib's Crystal Spear (mildly dangerous; 1% risk of failure)
Press: ? - help, Shift-Dir - straight line, f - smoke demon
Aim: a smoke demon (lightly wounded, 88% to hit)
You feel a strong surge of power!
The crystal spear hits the smoke demon!!!!
You kill the smoke demon!
Vehumet accepts your kill.
You feel your power returning.
Unknown command.
There is a fountain of clear blue water here.
You see here a +2 long sword of holy wrath.
There is an open door to the Ecumenical Temple here.
You reach down and open the door.
There is an open door here.
Things that are here:
a +0 robe; a +0 dagger
There is an open door here.
There is an open door here.
There is a staircase leading out of the dungeon here.
You have escaped!

▓▓▓▓▓▓▓▓▓▓▓ ▓▓
▓@.#..'...♣♣** ♣.
▓..#..#....♣,* ♣.
▓#'####....♣♣* ♣♣.
▓.....#....~♣♣♣♣..
▓.....#...~~....♣.
▓.....#..~~~~♣♣.♣.
▓####'#..~≈≈~~~.♣.
▓...[.#.~~≈~~~....
▓.....#.~≈~~~.....


There were no monsters in sight!

Vanquished Creatures
  Antaeus (D)
  the Royal Jelly (D)
  the Serpent of Hell (D)
  Gloorx Vloq (D)
  Tiamat (D)
  An ancient lich (D)
  Dispater (D)
  An orb of fire (D)
  Mara (D)
  Mennas (D)
  5 royal mummies (D)
  Boris (D)
  the Lernaean hydra (D)
  A Killer Klown (D)
  Frederick (D)
  A pandemonium lord (D)
  Geryon (D)
  2 golden dragons (D)
  Nikola (D)
  3 bone dragons (D)
  Nellie (D)
  An iron giant (D)
  A Brimstone Fiend (D)
  5 Ice Fiends (D)
  An electric golem (D)
  Rupert (D)
  3 Orb Guardians (D)
  3 Hell Sentinels (D)
  A lich (D)
  3 deep elf blademasters (D)
  Murray (D)
  5 acid blobs (D)
  An Executioner (D)
  Gastronok (D)
  Chuck (D)
  Harold (D)
  2 shadow dragons (D)
  An ancient champion (D)
  Roxanne (D)
  2 sphinxes (D)
  4 fire giants (D)
  A storm dragon (D)
  9 azure jellies (D)
  A nagaraja (D)
  A draconian knight (D)
  2 rockslimes (D)
  A frost giant (D)
  2 draconian scorchers (D)
  3 ghost moths (D)
  An iron dragon (D)
  4 draconian stormcallers (D)
  4 quicksilver oozes (D)
  4 war gargoyles (D)
  5 stone giants (D)
  4 vampire knights (D)
  2 deep elf annihilators (D)
  Nessos (D)
  Azrael (D)
  2 deep elf demonologists (D)
  2 dire elephants (D)
  An iron golem (D)
  A deep elf death mage (D)
  7 mummy priests (D)
  A fire dragon (D)
  A deep elf high priest (D)
  2 yaktaur captains (D)
  3 hydras (D)
  Erolcha (D)
  19 vault guards (D)
  2 hell beasts (D)
  4 anacondas (D)
  An ogre mage (D)
  2 centaur warriors (D)
  4 dancing weapons (D)
  2 iron elementals (D)
  4 death yaks (D)
  A naga warrior (D)
  Urug (D)
  2 soul eaters (D)
  5 orc high priests (D)
  2 sun demons (D)
  3 deep elf knights (D)
  6 skeletal warriors (D)
  A shadow wraith (D)
  A death drake (D)
  3 kraken simulacra (D)
  A spriggan druid (D)
  A glowing orange brain (D)
  A swamp dragon (D)
  An orange crystal statue (D)
  2 obsidian statues (D)
  Joseph (D)
  A deep elf zephyrmancer (D)
  2 golden dragon zombies (D)
  A lindwurm (D)
  2 orc knights (D)
  3 deep elf pyromancers (D)
  2 oklob plants (D)
  4 crystal guardians (D)
  2 orc sorcerers (D)
  5 shining eyes (D)
  A moth of wrath (D)
  A cyclops (shapeshifter) (D)
  5 ugly things (D)
  A manticore (shapeshifter) (D)
  2 elephants (D)
  4 black mambas (D)
  A molten gargoyle (D)
  9 statues (D)
  An iron troll simulacrum (D)
  A guardian serpent (D)
  3 rust devils (D)
  An eye of devastation (shapeshifter) (D)
  A smoke demon (D)
  A komodo dragon (D)
  2 cane toads (D)
  A rime drake (D)
  6 hellions (D)
  2 ice devils (D)
  3 anaconda simulacra (D)
  14 yaktaurs (D)
  29 guardian mummies (D)
  A queen bee (D)
  4 spriggan defenders (D)
  3 wandering mushrooms (D)
  8 blink frogs (D)
  2 tyrant leeches (D)
  3 hornets (D)
  10 slime creatures (D)
  A jumping spider (shapeshifter) (D)
  2 spriggans (D)
  11 shadows (D)
  A golden eye (D)
  5 redbacks (D)
  A spatial vortex (D)
  2 nagas (D)
  4 hydra simulacra (D)
  6 water moccasins (D)
  3 orc warriors (D)
  4 floating eyes (D)
  3 swamp drakes (D)
  A fire dragon simulacrum (D)
  A black mamba simulacrum (D)
  5 two-headed ogres (D)
  A water elemental (D)
  A necrophage (D)
  32 killer bees (D)
  4 electric eels (D)
  12 quasits (D)
  A jelly (D)
  A wizard (D)
  Jessica (D)
  4 necromancers (D)
  An orc wizard (D)
  3 humans (D)
  A kobold demonologist (D)
  5 adders (D)
  A phantom (D)
  3 adder zombies (D)
  7 orcs (D)
  An endoplasm (D)
  A quokka zombie (D)
  2 rats (D)
  A bush (D)
  8 butterflies (D)
  2 plants (D)
489 creatures vanquished.

Vanquished Creatures (collateral kills)
  2 royal mummies (D)
  3 acid blobs (D)
  An azure jelly (D)
  A yellow draconian (D)
  A mummy priest (D)
  A yaktaur captain (D)
  2 orcs (D)
11 creatures vanquished.

Vanquished Creatures (others)
  4 ball lightnings (D)
  4 ballistomycete spores (D)
  51 fire vortices (D)
  44 plants (D)
103 creatures vanquished.

Grand Total: 603 creatures vanquished

Notes
Turn   | Place    | Note
-------+----------+-------------------------------------------
     0 | D        | mhtbhm the Gargoyle Earth Elementalist began the quest for
                  | the Orb.
     0 | D        | Reached XP level 1. HP: 10/10 MP: 3/3
    47 | D        | Noticed Jessica
    53 | D        | Killed Jessica
    54 | D        | Reached XP level 2. HP: 10/15 MP: 3/6
    54 | D        | Reached XP level 3. HP: 12/19 MP: 3/7
    63 | D        | Learned a level 2 spell: Passwall
    67 | D        | Learned a level 3 spell: Stone Arrow
   177 | D        | Reached skill level 1 in Transmutations
   231 | D        | Noticed a water elemental
   236 | D        | Killed a water elemental
   237 | D        | Reached XP level 4. HP: 8/24 MP: 2/10
   436 | D        | Learned a level 4 spell: Petrify
   445 | D        | Found a radiant altar of Vehumet.
   445 | D        | Found a shimmering blue altar of Sif Muna.
   445 | D        | Found an ancient bone altar of Kikubaaqudgha.
   445 | D        | Noticed a wizard
   447 | D        | Killed a wizard
   448 | D        | Reached skill level 5 in Spellcasting
   448 | D        | Reached XP level 5. HP: 28/28 MP: 8/12
   459 | D        | Became a worshipper of Vehumet
   464 | D        | Learned a level 3 spell: Mephitic Cloud
   508 | D        | Found a basalt altar of Yredelemnul.
   508 | D        | Found a shadowy altar of Dithmenos.
   508 | D        | Found a sacrificial altar of Ru.
   511 | D        | Reached skill level 10 in Earth Magic
   513 | D        | Reached XP level 6. HP: 32/32 MP: 9/15
   556 | D        | Found a glowing silver altar of Zin.
   556 | D        | Found a glowing golden altar of the Shining One.
   556 | D        | Found a white marble altar of Elyvilon.
   556 | D        | Noticed a deep elf pyromancer
   558 | D        | Noticed a fire elemental
   558 | D        | Noticed a fire elemental
   667 | D        | Killed a deep elf pyromancer
   667 | D        | Reached * piety under Vehumet
   667 | D        | Offered knowledge of Kiss of Death by Vehumet.
   668 | D        | Reached XP level 7. HP: 34/37 MP: 7/19
   740 | D        | Learned a level 1 spell: Kiss of Death
   744 | D        | Learned a level 3 spell: Inner Flame
   749 | D        | Learned a level 4 spell: Flame Wave
   752 | D        | Found a hide-covered altar of Uskayaw.
   752 | D        | Found an iron altar of Okawaru.
   752 | D        | Found a bloodstained altar of Trog.
   752 | D        | Found an ornate altar of the Wu Jian Council.
   752 | D        | Noticed a human
   752 | D        | Noticed a human
   756 | D        | Killed a human
   757 | D        | Reached skill level 1 in Fighting
   759 | D        | Killed a human
   760 | D        | Reached skill level 10 in Spellcasting
   760 | D        | Reached XP level 8. HP: 43/43 MP: 13/22
   816 | D        | Noticed a shadow
   820 | D        | Killed a shadow
   820 | D        | Reached ** piety under Vehumet
   820 | D        | Offered knowledge of Momentum Strike by Vehumet.
   821 | D        | Reached skill level 1 in Conjurations
   821 | D        | Reached skill level 15 in Earth Magic
   827 | D        | Learned a level 2 spell: Momentum Strike
   880 | D        | Found a blossoming altar of Fedhas.
   880 | D        | Found a stormy altar of Qazlal.
   880 | D        | Found a snail-covered altar of Cheibriados.
   880 | D        | Found a burning altar of Makhleb.
   880 | D        | Found a shimmering altar of Xom.
   881 | D        | Found a hazy altar of Hepliaklqana.
   881 | D        | Found an opulent altar of Gozag.
   881 | D        | Found a sparkling altar of Nemelex Xobeh.
   881 | D        | Found a corrupted altar of Lugonu.
   881 | D        | Found a viscous altar of Jiyva.
   962 | D        | Offered knowledge of Searing Ray by Vehumet.
   964 | D        | Reached *** piety under Vehumet
  1059 | D        | Noticed a two-headed ogre
  1065 | D        | Killed a two-headed ogre
  1066 | D        | Reached skill level 1 in Air Magic
  1066 | D        | Reached skill level 1 in Poison Magic
  1066 | D        | Reached XP level 9. HP: 47/47 MP: 6/24
  1088 | D        | Noticed a two-headed ogre
  1097 | D        | Reached **** piety under Vehumet
  1105 | D        | Killed a two-headed ogre
  1235 | D        | Noticed Erolcha
  1238 | D        | Killed Erolcha
  1238 | D        | Offered knowledge of Frozen Ramparts by Vehumet.
  1239 | D        | Reached skill level 5 in Conjurations
  1290 | D        | Noticed a wandering mushroom
  1294 | D        | Noticed a wandering mushroom
  1298 | D        | Killed a wandering mushroom
  1347 | D        | Noticed a wandering mushroom
  1353 | D        | Killed a wandering mushroom
  1354 | D        | Reached skill level 1 in Fire Magic
  1385 | D        | Killed a wandering mushroom
  1385 | D        | Offered knowledge of Kindle Blastsparks by Vehumet.
  1385 | D        | Reached ***** piety under Vehumet
  1386 | D        | Reached XP level 10. HP: 52/52 MP: 21/27
  1539 | D        | Found Boohuafu's Distillery.
  1539 | D        | Noticed an orc high priest
  1541 | D        | Noticed an orc knight
  1541 | D        | Noticed an orc sorcerer
  1542 | D        | Offered knowledge of Freezing Cloud by Vehumet.
  1542 | D        | Killed an orc high priest
  1542 | D        | Killed an orc sorcerer
  1542 | D        | Killed an orc sorcerer
  1542 | D        | Killed an orc knight
  1543 | D        | Reached skill level 1 in Evocations
  1545 | D        | Noticed an orc knight
  1549 | D        | Learned a level 5 spell: Freezing Cloud
  1565 | D        | Offered knowledge of Conjure Ball Lightning by Vehumet.
  1575 | D        | Killed an orc knight
  1701 | D        | Bought a potion of haste for 110 gold pieces
  1701 | D        | Bought a potion of heal wounds for 55 gold pieces
  1795 | D        | Noticed a deep elf pyromancer
  1795 | D        | Noticed a deep elf knight
  1795 | D        | Noticed a deep elf pyromancer
  1795 | D        | Noticed a deep elf knight
  1795 | D        | Noticed a deep elf zephyrmancer
  1817 | D        | Killed a deep elf knight
  1817 | D        | Killed a deep elf pyromancer
  1818 | D        | Reached skill level 15 in Spellcasting
  1818 | D        | Reached XP level 11. HP: 12/57 MP: 15/30
  1820 | D        | Killed a deep elf zephyrmancer
  1823 | D        | Killed a deep elf pyromancer
  1823 | D        | Reached ****** piety under Vehumet
  1964 | D        | Killed a deep elf knight
  2064 | D        | Offered knowledge of Iron Shot by Vehumet.
  2191 | D        | Learned a level 6 spell: Iron Shot
  2488 | D        | Noticed a lindwurm
  2490 | D        | Killed a lindwurm
  2561 | D        | Offered knowledge of Iskenderun's Battlesphere by Vehumet.
  2562 | D        | Reached skill level 10 in Conjurations
  2562 | D        | Noticed Urug
  2567 | D        | Killed Urug
  2690 | D        | Noticed an eight-headed hydra
  2690 | D        | Noticed a four-headed hydra
  2695 | D        | Killed a four-headed hydra
  2696 | D        | Killed an eight-headed hydra
  2828 | D        | Noticed a death drake
  2833 | D        | Killed a death drake
  2998 | D        | Offered knowledge of Lee's Rapid Deconstruction by Vehumet.
  2999 | D        | Reached XP level 12. HP: 63/64 MP: 12/32
  3005 | D        | Learned a level 5 spell: Lee's Rapid Deconstruction
  3106 | D        | Noticed Harold
  3106 | D        | Noticed Joseph
  3113 | D        | Killed Harold
  3114 | D        | Reached skill level 5 in Dodging
  3114 | D        | Killed Joseph
  3371 | D        | Noticed Rupert
  3377 | D        | Killed Rupert
  3505 | D        | Noticed a death yak
  3506 | D        | Noticed a death yak
  3508 | D        | Offered knowledge of Eringya's Noxious Bog by Vehumet.
  3508 | D        | Killed a death yak
  3509 | D        | Reached skill level 1 in Ice Magic
  3511 | D        | Killed a death yak
  3513 | D        | Noticed a death yak
  3593 | D        | Noticed a death yak
  3596 | D        | Killed a death yak
  3598 | D        | Killed a death yak
  3697 | D        | Noticed an azure jelly
  3697 | D        | Noticed an azure jelly
  3710 | D        | Noticed an anaconda
  3710 | D        | Noticed an anaconda
  3710 | D        | Noticed an anaconda
  3712 | D        | Offered knowledge of Lehudib's Crystal Spear by Vehumet.
  3713 | D        | Killed an anaconda
  3716 | D        | Killed an anaconda
  3716 | D        | Killed an anaconda
  3781 | D        | Reached XP level 13. HP: 68/68 MP: 24/36
  4087 | D        | Learned a level 8 spell: Lehudib's Crystal Spear
  4093 | D        | Reached skill level 5 in Stealth
  4100 | D        | Noticed a nagaraja
  4103 | D        | Killed a nagaraja
  4182 | D        | Found Eneruise's Magic Scroll Boutique.
  4182 | D        | Found Oggurej's Antique Weapon Emporium.
  4184 | D        | Found Xeosoekk's Book Shop.
  4191 | D        | Bought a scroll of acquirement for 624 gold pieces
  4191 | D        | Acquired a staff of earth
  4211 | D        | Offered knowledge of Fire Storm by Vehumet.
  4211 | D        | Offered knowledge of Shatter by Vehumet.
  4211 | D        | Offered knowledge of Chain Lightning by Vehumet.
  4393 | D        | Got a serpentine rune of Zot
  4560 | D        | Noticed a deep elf demonologist
  4561 | D        | Noticed a deep elf annihilator
  4621 | D        | Noticed a cacodemon
  4622 | D        | Killed a deep elf demonologist
  4622 | D        | Noticed a deep elf death mage
  4624 | D        | Killed a deep elf death mage
  4651 | D        | Noticed a deep elf blademaster
  4654 | D        | Noticed a deep elf high priest
  4658 | D        | Killed a deep elf blademaster
  4659 | D        | Killed a deep elf high priest
  4659 | D        | Identified the amulet of Ruplos {Reflect rPois Int+8 Dex-3
                  | SH+5 Stlth+}
  4659 | D        | Noticed a deep elf annihilator
  4869 | D        | Identified the +4 war axe "Zaxkeotsuqui" {pain, Str+4}
  4869 | D        | Identified the ring of Hobisu {rPois rC+ rCorr}
  4869 | D        | Noticed a deep elf demonologist
  4871 | D        | Killed a deep elf demonologist
  4915 | D        | Killed a deep elf annihilator
  4960 | D        | Killed a deep elf annihilator
  4970 | D        | Got the Tome of the Mutagenic Mountains
  4976 | D        | Identified the ring of the Present {Fire Will+ Str+2 Int+4}
  4976 | D        | Identified the ring of Niok {+Blink rCorr Str+3 Dex-5}
  5232 | D        | Noticed a yaktaur captain
  5576 | D        | Found Picuom's Book Emporium.
  5576 | D        | Found Oruwy's Armour Shop.
  5576 | D        | Found Roasotuss's Distillery.
  5576 | D        | Found Efichukh's Magic Scroll Shoppe.
  5576 | D        | Found Tyhurempuneg's Weapon Boutique.
  5576 | D        | Found Oxoyle's Distillery.
  5576 | D        | Found Nolit's Antique Armour Shoppe.
  5576 | D        | Found Pighagiph's Jewellery Shop.
  5576 | D        | Found Cabligh's Magic Scroll Shop.
  5576 | D        | Found Qewkahuc's Antique Weapon Emporium.
  5576 | D        | Found Paumam's Distillery.
  5616 | D        | Bought a pair of embroidered gloves for 202 gold pieces
  5622 | D        | Bought a shimmering robe for 153 gold pieces
  5622 | D        | Identified the +1 robe of Wajem {MP+9 Int-2 Stlth+} (You
                  | bought it in a shop in the Dungeon)
  5636 | D        | Bought a scroll of blinking for 75 gold pieces
  5636 | D        | Bought a scroll of blinking for 75 gold pieces
  5646 | D        | Bought a potion of haste for 120 gold pieces
  5646 | D        | Bought a potion of haste for 120 gold pieces
  5646 | D        | Bought 2 potions of heal wounds for 120 gold pieces
  5947 | D        | Killed a yaktaur captain
  6287 | D        | Identified the +2 quick blade of Forgiveness {vorpal, MP+9
                  | Stlth+}
  6538 | D        | Noticed a dire elephant
  6538 | D        | Noticed a dire elephant
  6538 | D        | Noticed Gastronok
  6553 | D        | Killed Gastronok
  6553 | D        | Killed a dire elephant
  6554 | D        | Reached skill level 27 in Earth Magic
  6554 | D        | Gained mutation: Your large and strong wings let you fly.
                  | [Gargoyle growth]
  6554 | D        | Reached XP level 14. HP: 44/74 MP: 15/39
  6554 | D        | Killed a dire elephant
  6555 | D        | Reached skill level 1 in Shields
  6575 | D        | Noticed an azure jelly
  6688 | D        | Noticed an azure jelly
  6692 | D        | Killed an azure jelly
  6695 | D        | Killed an azure jelly
  6696 | D        | Killed an azure jelly
  6697 | D        | Reached skill level 5 in Poison Magic
  6697 | D        | Killed an azure jelly
  7014 | D        | Found Boefroj's Magic Scroll Emporium.
  7014 | D        | Found Johoisis's Antique Weapon Shop.
  7014 | D        | Found Veb Ixtu's Jewellery Shoppe.
  7052 | D        | Noticed the 27-headed Lernaean hydra
  7062 | D        | Killed the 27-headed Lernaean hydra
  7205 | D        | Got a decaying rune of Zot
  7546 | D        | Found a blossoming altar of Fedhas.
  7683 | D        | Reached skill level 15 in Conjurations
  8740 | D        | Noticed Chuck
  8778 | D        | Killed Chuck
  9006 | D        | Learned a level 9 spell: Fire Storm
  9009 | D        | Noticed Frederick
  9014 | D        | Killed Frederick
  9015 | D        | Reached XP level 15. HP: 78/78 MP: 32/44
  9290 | D        | Noticed a lich
  9292 | D        | Killed a lich
  9293 | D        | Reached skill level 1 in Hexes
  9405 | D        | Noticed a shadow dragon
  9405 | D        | Noticed a shadow dragon
  9421 | D        | Killed a shadow dragon
  9561 | D        | Killed a shadow dragon
  9893 | D        | Noticed Azrael
  9894 | D        | Killed Azrael
  9928 | D        | Acquired the +2 cloak "Tyedoev" {rF+ rC+}
 10049 | D        | Found Rileisun's Distillery.
 10049 | D        | Found Vuhuroz's Armour Shop.
 10049 | D        | Found Xeys's Distillery.
 10049 | D        | Found Ekhaaw's Distillery.
 10077 | D        | Identified Roxanne's Disquisition on the Mountains
 10077 | D        | Noticed Roxanne
 10081 | D        | Killed Roxanne
 10159 | D        | Found Sarye's Armour Boutique.
 10207 | D        | Noticed a black draconian knight
 10220 | D        | Killed a black draconian knight
 10221 | D        | Reached skill level 27 in Spellcasting
 10366 | D        | Noticed an Executioner
 10367 | D        | Killed an Executioner
 10433 | D        | Upgraded the game from 0.30-a0-159-g068b764562 to
                  | 0.30-a0-165-g1891117ce2
 10518 | D        | Learned a level 9 spell: Shatter
 10545 | D        | Noticed Boris
 10548 | D        | Killed Boris
 10821 | D        | Noticed a bone dragon
 10830 | D        | Killed a bone dragon
 11037 | D        | Noticed a bone dragon
 11044 | D        | Killed a bone dragon
 11142 | D        | Noticed a bone dragon
 11154 | D        | Killed a bone dragon
 11155 | D        | Reached XP level 16. HP: 83/83 MP: 33/47
 11301 | D        | Noticed a golden dragon
 11301 | D        | Noticed a golden dragon
 11304 | D        | Reached skill level 10 in Dodging
 11304 | D        | Reached skill level 27 in Conjurations
 11306 | D        | Reached skill level 10 in Poison Magic
 11307 | D        | Killed a golden dragon
 11308 | D        | Killed a golden dragon
 11375 | D        | Got a silver rune of Zot
 11425 | D        | Acquired 1182 gold pieces
 12009 | D        | Noticed a storm dragon
 12028 | D        | Noticed Nikola
 12029 | D        | Killed a storm dragon
 12033 | D        | Killed Nikola
 12155 | D        | Noticed Mara
 12161 | D        | Killed Mara
 12162 | D        | Reached skill level 15 in Dodging
 12284 | D        | Noticed an ancient champion
 12285 | D        | Killed an ancient champion
 12286 | D        | Identified the +3 whip of Risk Management {venom, *Slow
                  | Will+ Dex+3}
 12355 | D        | Noticed Geryon
 12364 | D        | Killed Geryon
 12365 | D        | Reached skill level 10 in Fire Magic
 12365 | D        | Reached XP level 17. HP: 65/87 MP: 25/48
 12495 | D        | Bought a scroll of fog for 40 gold pieces
 12495 | D        | Bought a scroll of magic mapping for 75 gold pieces
 12501 | D        | Bought a scroll of acquirement for 676 gold pieces
 12501 | D        | Bought a scroll of blinking for 97 gold pieces
 12501 | D        | Acquired the +1 cloak of Starlight {*Dazzle EV+4 Stlth--}
 12501 | D        | Found the +1 cloak of Starlight {*Dazzle EV+4 Stlth--}
 12588 | D        | Noticed Nellie
 12593 | D        | Killed Nellie
 12598 | D        | Got a demonic rune of Zot
 12792 | D        | Noticed a sphinx
 12793 | D        | Killed a sphinx
 12796 | D        | Noticed a sphinx
 12797 | D        | Killed a sphinx
 13119 | D        | Noticed a royal mummy
 13143 | D        | Killed a royal mummy
 13395 | D        | Identified the +0 leather armour of Wanak {rN+}
 13395 | D        | Identified the ring of Luimud {*Slow +Blink Will+ SInv}
 13395 | D        | Noticed a royal mummy
 13395 | D        | Identified the amulet of Ajojas {Spirit Drain Str+3 Int+2}
 13398 | D        | Reached skill level 15 in Fire Magic
 13399 | D        | Killed a royal mummy
 13507 | D        | Got Ekatze's Tutorial on Spellcraft
 13513 | D        | Got a golden rune of Zot
 13544 | D        | Acquired 918 gold pieces
 13548 | D        | Acquired 670 gold pieces
 13552 | D        | Acquired 887 gold pieces
 13556 | D        | Acquired A Thorough Guide to Spellweaving
 13560 | D        | Acquired 909 gold pieces
 13766 | D        | Killed Nessos
 13879 | D        | Gained mutation: You sometimes lose your temper in combat.
                  | [a shining eye]
 13897 | D        | Noticed a deep elf blademaster
 13897 | D        | Noticed a deep elf blademaster
 13899 | D        | Killed a deep elf blademaster
 13903 | D        | Killed a deep elf blademaster
 14159 | D        | Noticed a Killer Klown
 14173 | D        | Killed a Killer Klown
 14227 | D        | Noticed an Orb Guardian
 14227 | D        | Noticed an Orb Guardian
 14228 | D        | Killed an Orb Guardian
 14231 | D        | Killed an Orb Guardian
 14349 | D        | Noticed an ancient lich
 14353 | D        | Killed an ancient lich
 14354 | D        | Reached skill level 5 in Shields
 14398 | D        | Noticed an electric golem
 14400 | D        | Killed an electric golem
 14719 | D        | Noticed an Ice Fiend
 14721 | D        | Killed an Ice Fiend
 14795 | D        | Noticed an Ice Fiend
 14797 | D        | Killed an Ice Fiend
 14895 | D        | Noticed an Ice Fiend
 14896 | D        | Killed an Ice Fiend
 14916 | D        | Noticed an Ice Fiend
 14918 | D        | Killed an Ice Fiend
 14941 | D        | Noticed Antaeus
 15033 | D        | HP: 4/87 [Antaeus/flash freeze (8)]
 15043 | D        | Killed Antaeus
 15044 | D        | Reached skill level 1 in Throwing
 15044 | D        | Reached skill level 5 in Evocations
 15044 | D        | Reached XP level 18. HP: 6/92 MP: 8/49
 15453 | D        | Noticed an Ice Fiend
 15454 | D        | Killed an Ice Fiend
 15568 | D        | Noticed a royal mummy
 15570 | D        | Killed a royal mummy
 15663 | D        | Noticed a royal mummy
 15666 | D        | Killed a royal mummy
 15674 | D        | Noticed a royal mummy
 15677 | D        | Killed a royal mummy
 16074 | D        | Bought a potion of heal wounds for 50 gold pieces
 16075 | D        | Bought a potion of resistance for 140 gold pieces
 16171 | D        | Noticed an Orb Guardian
 16253 | D        | Noticed the Serpent of Hell
 16259 | D        | Noticed a Brimstone Fiend
 16261 | D        | Killed the Serpent of Hell
 16270 | D        | Killed a Brimstone Fiend
 16439 | D        | Found the ring of the Mage {Wiz Archmagi}
 16460 | D        | Identified the ring "Alumnaol" {rC++ Dex+6}
 16462 | D        | Identified the +8 double sword of Keeping Instant Death
                  | {flame, rC+ Dex+7}
 16465 | D        | Got an obsidian rune of Zot
 16537 | D        | Noticed Gloorx Vloq
 16541 | D        | Killed Gloorx Vloq
 16542 | D        | Reached skill level 27 in Fire Magic
 16630 | D        | Noticed a royal mummy
 16631 | D        | Killed a royal mummy
 16632 | D        | Reached skill level 5 in Throwing
 16632 | D        | Killed a royal mummy
 16632 | D        | Noticed Murray
 16634 | D        | Killed Murray
 16950 | D        | Got a bone rune of Zot
 17011 | D        | Noticed an iron giant
 17018 | D        | Reached skill level 10 in Evocations
 17018 | D        | Killed an iron giant
 17169 | D        | Found the +2 shield of Resistance {rF++ rC++ Will++}
 17170 | D        | Noticed a Hell Sentinel
 17172 | D        | Killed a Hell Sentinel
 17263 | D        | Noticed a Hell Sentinel
 17263 | D        | Found the +4 staff of Dispater
 17263 | D        | Noticed Dispater
 17270 | D        | Killed a Hell Sentinel
 17274 | D        | Noticed a Hell Sentinel
 17275 | D        | Noticed a Hell Sentinel
 17279 | D        | Killed Dispater
 17280 | D        | Reached XP level 19. HP: 69/96 MP: 21/50
 17281 | D        | Killed a Hell Sentinel
 17391 | D        | Got an iron rune of Zot
 17392 | D        | Identified the +2 battleaxe "Qeamoina" {vorpal, rC+ rN++}
 17392 | D        | Identified the +5 spear of Peoj {vorpal, Dex+9 Stlth-}
 17393 | D        | Identified the ring of Setagg {MP+9 SInv}
 17393 | D        | Identified the ring "Qasoh" {Fly rF- rC+ Dex+4}
 17515 | D        | Bought a potion of haste for 120 gold pieces
 17620 | D        | Bought a scroll of acquirement for 676 gold pieces
 17620 | D        | Bought a scroll of fog for 52 gold pieces
 17622 | D        | Acquired 1352 gold pieces
 18682 | D        | Lost mutation: You sometimes lose your temper in combat. [a
                  | shining eye]
 18684 | D        | Gained mutation: You are clumsy. (Dex -2) [a shining eye]
 18807 | D        | Noticed the Royal Jelly
 18810 | D        | Killed the Royal Jelly
 18821 | D        | Got a slimy rune of Zot
 18825 | D        | Identified the +2 shortbow of the Hidden Orbs {vorpal, rF+
                  | Str+3 Int+4}
 18998 | D        | Noticed Mennas
 19001 | D        | Killed Mennas
 19594 | D        | Found the +4 dragonskin cloak
 19594 | D        | Noticed Tiamat
 19605 | D        | Killed Tiamat
 19606 | D        | Reached skill level 15 in Evocations
 19720 | D        | Noticed an orb of fire
 19723 | D        | Killed an orb of fire
 19723 | D        | Gained mutation: You sometimes lose your temper in combat.
                  | [a zot statue]
 19725 | D        | Gained mutation: You have sharp fingernails. [a zot statue]
 19736 | D        | Gained mutation: You are weak. (Str -2) [mutagenic glow]
 19741 | D        | Got the Orb of Zot
 19745 | D        | Gained mutation: Your magical capacity is low. (-10% MP)
                  | [mutagenic glow]
 19755 | D        | Gained mutation: You have hidden genetic potential.
                  | [mutagenic glow]
 19774 | D        | Gained mutation: Your magical capacity is very low. (-20%
                  | MP) [mutagenic glow]
 19785 | D        | Noticed Pas Nix the pandemonium lord
 19789 | D        | Gained mutation: You occasionally lose the ability to read
                  | scrolls when taking damage. [mutagenic glow]
 19790 | D        | Killed Pas Nix the pandemonium lord
 19791 | D        | Reached skill level 10 in Throwing
 19791 | D        | Reached skill level 27 in Dodging
 19807 | D        | Gained mutation: You occasionally lose the ability to drink
                  | potions when taking damage. [mutagenic glow]
 19867 | D        | Gained mutation: Your spells are a little easier to cast,
                  | but a little less powerful. [mutagenic glow]
 19910 | D        | Lost mutation: You have sharp fingernails. [potion of
                  | mutation]
 19910 | D        | Lost mutation: You occasionally lose the ability to drink
                  | potions when taking damage. [potion of mutation]
 19910 | D        | Lost mutation: You sometimes lose your temper in combat.
                  | [potion of mutation]
 19910 | D        | Lost mutation: You have hidden genetic potential. [potion
                  | of mutation]
 19910 | D        | Gained mutation: You passively map a small area around you.
                  | [potion of mutation]
 19910 | D        | Lost mutation: You are weak. (Str -2) [potion of mutation]
 19911 | D        | Lost mutation: Your spells are a little easier to cast, but
                  | a little less powerful. [potion of mutation]
 19911 | D        | Lost mutation: You occasionally lose the ability to read
                  | scrolls when taking damage. [potion of mutation]
 19911 | D        | Lost mutation: You are clumsy. (Dex -2) [potion of
                  | mutation]
 19911 | D        | Gained mutation: You have sharp fingernails. [potion of
                  | mutation]
 19911 | D        | Gained mutation: You are robust. (+10% HP) [potion of
                  | mutation]
 19987 | D        | Escaped with the Orb!

Illustrated notes

Levels and vault maps discovered:
D:        dungeon_sprint_mu [sprint_mu_entry_forest, sprint_mu_temple_rooms,
          sprint_mu_d1_spiders, sprint_mu_d2_genie, sprint_mu_d3_branching,
          sprint_mu_orc_legion, sprint_mu_elf_gauntlet, sprint_mu_hive_nellie,
          sprint_mu_lair_fedhas, sprint_mu_vaults_butterflies,
          sprint_mu_slime_circle, sprint_mu_swamp_cave, sprint_mu_snake_twists,
          sprint_mu_blade_basic, sprint_mu_crypt_chambers,
          sprint_mu_tomb_spiral, sprint_mu_vestibule_basic,
          sprint_mu_gehenna_hellfire, sprint_mu_dis_giant,
          sprint_mu_tartarus_statrot, sprint_mu_cocytus_islands, sprint_mu_zot1]

Skill      XL: |  1  2  3  4  5  6  7  8  9 10 11 12 13 14 15 16 17 18 19 |
---------------+----------------------------------------------------------+-----
Earth Magic    | 6 9 11 13 14 16 17 19 21 23 27 | 27.0
Dodging        | 2 3 4 5 6 7 8 16 20 24 27 | 27.0
Spellcasting   | 3 4 5 6 9 10 11 13 15 16 19 21 25 27 | 27.0
Stealth        | 3 4 5 |  5.2
Transmutations | 1 2 3 |  3.6
Fighting       | 1 3 |  3.2
Conjurations   | 3 6 8 11 12 14 16 24 27 | 27.0
Air Magic      | 1 2 3 4 |  4.5
Poison Magic   | 1 2 3 4 6 7 12 13 | 13.7
Fire Magic     | 1 2 3 10 23 27 | 27.0
Evocations     | 1 5 12 16 | 16.9
Ice Magic      | 1 |  1.8
Shields        | 3 6 |  6.6
Hexes          | 1 |  1.4
Throwing       | 1 7 10 | 10.3
Staves         | |  0.1

Action                   |  1- 3 |  4- 6 |  7- 9 | 10-12 | 13-15 | 16-18 | 19-21 || total
-------------------------+-------+-------+-------+-------+-------+-------+-------++-------
Melee: Unarmed           |       |       |       |     1 |       |       |       ||     1
       Staff             |       |       |       |       |    19 |     9 |     6 ||    34
Throw: Dart              |       |       |       |       |       |     3 |       ||     3
 Cast: Sandblast         |    15 |    10 |    14 |     8 |       |       |       ||    47
       Stone Arrow       |     1 |     4 |    29 |    42 |     7 |     4 |     6 ||    93
       Passwall          |     1 |       |       |     4 |     1 |       |       ||     6
       Mephitic Cloud    |       |       |     4 |    11 |    12 |       |       ||    27
       Momentum Strike   |       |       |     1 |     1 |       |       |       ||     2
       Flame Wave        |       |       |       |     1 |     8 |       |       ||     9
       Iron Shot         |       |       |       |    31 |    10 |       |       ||    41
       Freezing Cloud    |       |       |       |     6 |     9 |     1 |       ||    16
       Lee's Rapid Decon |       |       |       |    20 |   129 |    54 |     8 ||   211
       Lehudib's Crystal |       |       |       |       |    42 |    83 |    20 ||   145
       Inner Flame       |       |       |       |       |     1 |       |       ||     1
       Fire Storm        |       |       |       |       |       |    47 |     8 ||    55
       Shatter           |       |       |       |       |       |     3 |     2 ||     5
Evoke: Box of beasts     |       |       |     1 |     1 |     1 |     1 |       ||     4
       Wand              |       |       |       |       |       |     1 |     5 ||     6
       Horn of Geryon    |       |       |       |       |       |     1 |       ||     1
       Condenser vane    |       |       |       |       |       |     1 |       ||     1
  Use: Potion            |     2 |       |       |     1 |     4 |    15 |     5 ||    27
       Scroll            |       |     1 |       |     1 |    16 |    11 |     1 ||    30
Armor: Robe              |       |     4 |     3 |     7 |    32 |    15 |     6 ||    67
Dodge: Dodged            |     4 |       |    10 |    24 |    52 |    28 |     6 ||   124
Block: Other             |       |       |       |       |    14 |     5 |       ||    19
       Reflection        |       |       |       |       |     3 |     1 |     2 ||     6
       Kite shield       |       |       |       |       |       |     1 |     3 ||     4

Table legend: (Time is in decaauts) A = Elapsed time spent in this place. B = Non-inter-level travel time spent in this place. C = Inter-level travel time spent in this place. D = Time resting spent in this place. E = Time spent auto-exploring this place. F = Levels seen in this place. G = Mean time per level. A B C D E F G +--------+--------+--------+--------+--------+-----+--------+ Total | 19913 | 19341 | 572 | 12523 | 1 | 1 | 19913.0 | Dungeon | 19913 | 19341 | 572 | 12523 | 1 | 1 | 19913.0 | +--------+--------+--------+--------+--------+-----+--------+

Top non-repeatable levels by time:
       D: 19913 daAuts
